Cogmind - Beta 13 @@@ ROGUE MODE // 2024.05.03 @ 16:07:29 Player: Sunvar Result: Destroyed by Cetus Guard with Advanced KE Penetrator Performance ------------- Evolutions (4) 2000 Regions Visited (13) 2600 Robots Destroyed (48) 240 Value Destroyed (1273) 1273 Prototype IDs (7) 140 Alien Tech Used (0) 0 Bonus (465) 465 TOTAL SCORE: 6718 Bonus ------- Follower Combat Kills 312 Aligned with FarCom 300 Friendly Fire -147 Cogmind --------- Core Integrity 0/850 Matter 206/300 Energy 100/100 System Corruption 25% Temperature Cool (0) Movement Core (200) Ox3 Location -6/Cetus Parts ------- > --- POWER (1) -------- (None) > --- PROPULSION (5) --- (None) > --- UTILITY (6) ------ Medium Storage Unit Advanced Terrain Scan Processor Advanced Terrain Scan Processor > --- WEAPON (3) ------- (None) > --- INVENTORY (10) --- Angular Momentum Engine Light Angular Momentum Engine Carbon-fiber Leg Carbon-fiber Leg Flexi-carbon Leg Cesium-ion Thruster Small Storage Unit Improved Signal Interpreter Heavy Flak Cannon Peak State ------------ > --- POWER ------------ Cooled Deuterium Engine > --- PROPULSION ------- Carbon-fiber Leg Armored Huge Wheel Armored Huge Wheel > --- UTILITY ---------- Advanced Heat Sink Small Storage Unit Improved Terrain Scanner Advanced Terrain Scan Processor ECM Suite Hacking Suite > --- WEAPON ----------- Bore Cannon Impact Mace Great Axe > --- INVENTORY -------- Angular Momentum Engine Carbon-fiber Leg Compact Wheel Cesium-ion Thruster Improved Terrain Scanner Precision Grenade Launcher [Rating: 57] Favorites ----------- Power Ion Engine Engine Ion Engine Power Core Fission Core Propulsion Aluminum Leg Leg Aluminum Leg Wheel Armored Huge Wheel Flight Unit Improved VTOL Module Utility Hacking Suite Device Seismic Detector Storage Small Storage Unit Processor Advanced Terrain Scan Processor Hackware Hacking Suite Weapon Assault Rifle Energy Gun Medium Laser Energy Cannon Latent Energy Streamer Ballistic Gun Assault Rifle Ballistic Cannon Bore Cannon Launcher Grenade Launcher Impact Weapon Great Maul Slashing Weapon Katana Build | -11 -10 -10 -9 -9 -9 -8 -8 -7 -7 -7 -6 -6 -6 ------- Run | Yrd Mat Min Mat Min Exi Min Mat Fac Was Fac Fac Ext Cet Slots Evolved 8 | . . . 2 . . . 2 2 . . 2 . . Power . | . . . . . . . . . . . . . . Propulsion 3 | . . . . . . . 1 1 . . 1 . . Utility 4 | . . . 1 . . . 1 1 . . 1 . . Weapon 1 | . . . 1 . . . . . . . . . . Parts Attached 104 | 6 8 . 8 1 3 1 16 4 6 20 1 27 3 Power 14 | 1 1 . 1 . . . 2 1 2 4 . 2 . Engine 13 | 1 1 . 1 . . . 2 1 2 4 . 1 . Core 1 | . . . . . . . . . . . . 1 . Reactor . | . . . . . . . . . . . . . . Propulsion 31 | 2 3 . 3 . . . 6 . 4 4 . 8 1 Treads . | . . . . . . . . . . . . . . Leg 22 | 2 3 . 3 . . . 6 . . . . 8 . Wheel 4 | . . . . . . . . . . 3 . . 1 Hover . | . . . . . . . . . . . . . . Flight 5 | . . . . . . . . . 4 1 . . . Utility 30 | 1 2 . 2 . 2 1 4 2 . 7 1 8 . Device 17 | . 2 . 1 . 2 1 1 1 . 3 1 5 . Storage 4 | 1 . . 1 . . . . . . 1 . 1 . Processor 4 | . . . . . . . 1 . . 1 . 2 . Hackware 5 | . . . . . . . 2 1 . 2 . . . Protection . | . . . . . . . . . . . . . . Artifact . | . . . . . . . . . . . . . . Weapon 29 | 2 2 . 2 1 1 . 4 1 . 5 . 9 2 Energy Gun 3 | 1 . . . . . . . . . . . 2 . Energy Cannon 1 | . . . . . 1 . . . . . . . . Ballistic Gun 6 | 1 2 . 1 . . . 1 . . . . 1 . Ballistic Cannon 2 | . . . . . . . . . . . . 1 1 Launcher 4 | . . . . 1 . . . . . 1 . 2 . Special Weapon . | . . . . . . . . . . . . . . Impact Weapon 5 | . . . . . . . 1 . . 1 . 2 1 Slashing Weapon 8 | . . . 1 . . . 2 1 . 3 . 1 . Piercing Weapon . | . . . . . . . . . . . . . . Special Melee Weapon . | . . . . . . . . . . . . . . Unidentified Prototypes 6 | . . . . . 2 . . . . 4 . . . Parts Lost 44 | . . . 1 . . . 6 1 2 5 . 16 13 Power 5 | . . . . . . . 1 1 . 1 . 1 1 Propulsion 15 | . . . . . . . 2 . 2 2 . 3 6 Utility 15 | . . . . . . . 3 . . 2 . 7 3 Weapon 9 | . . . 1 . . . . . . . . 5 3 Highest Loss Streak 11 | . . . 1 . . . 4 1 2 4 . 10 11 To Critical Strikes 1 | . . . . . . . . . . . . . 1 Average Slot Usage (%) 90 | . 99 100 97 100 99 100 96 89 83 77 73 77 67 Engine 9 | . 14 14 11 11 11 11 9 6 5 6 6 5 . Leg 18 | . 28 28 21 22 22 22 26 23 12 . . 17 17 Wheel 2 | . . . . . . . . . . 4 13 5 2 Flight 3 | . . . . . . . . . 12 21 . . . Device 13 | . 13 14 21 22 22 22 11 7 7 5 13 13 8 Storage 8 | . 14 14 11 11 11 11 9 7 6 . 6 6 6 Processor 2 | . . . . . . . 3 7 7 5 6 6 13 Hackware 5 | . . . . . . . 8 14 15 16 13 4 . Energy Gun 1 | . 6 . . . . . . . . . . 2 10 Energy Cannon 1 | . . . . . 5 11 4 . . . . . . Ballistic Gun 9 | . 21 28 21 15 5 . 2 . . . . 1 . Launcher 1 | . . . . 6 11 11 2 . . . . . . Impact Weapon 1 | . . . . . . . 7 6 . 2 . 3 2 Slashing Weapon 7 | . . . 10 11 11 11 10 14 15 11 13 4 . Naked Turns . | . . . . . . . . . . . . . . Heaviest Build 39 | 14 15 15 27 28 35 36 38 30 29 26 28 36 39 Greatest Support 80 | 20 20 20 23 23 23 23 41 35 35 56 56 80 80 Greatest Overweight (x) 6 | 3 . . 1 1 1 1 2 . 1 6 . 2 4 Average Overweight (x) . | . . . . 1 1 1 . . . . . . . Largest Inventory Capacity 10 | 8 8 8 10 10 10 10 10 10 10 8 8 10 10 Average Capacity 8 | 7 8 8 9 10 10 10 10 10 9 5 8 8 10 Most Carried 10 | 6 8 8 10 10 10 10 10 10 10 8 8 10 10 Average Carried 7 | 4 7 7 8 9 10 10 9 8 8 4 7 6 9 Final Capacity 10 | 8 8 8 10 10 10 10 10 10 5 8 8 10 10 Final Carried 10 | 6 8 8 10 10 10 10 10 10 5 7 8 10 9 Class Distribution -------------------- 53% | Mutant 13% | Scavenger-Mutant 10% | Hacker-Assassin 9% | Hacker-Mutant 6% | Hacker-Sprinter 4% | Scavenger-Assassin Dominant Class ---------------- Mutant | -10/Materials Mutant | -10/Mines Mutant | -9/Materials Mutant | -9/Mines Mutant | -9/Exiles Mutant | -8/Mines Scavenger-Mutant | -8/Materials Hacker-Mutant | -7/Factory Hacker-Mutant | -7/Waste Hacker-Mutant | -7/Factory Hacker-Assassin | -6/Factory Scavenger-Assassin | -6/Extension Scavenger-Assassin | -6/Cetus Resources | -11 -10 -10 -9 -9 -9 -8 -8 -7 -7 -7 -6 -6 -6 ----------- Run | Yrd Mat Min Mat Min Exi Min Mat Fac Was Fac Fac Ext Cet Matter Collected 2106 | 251 401 . 231 10 . . 289 15 . 407 . 502 . Remotely . | . . . . . . . . . . . . . . Salvage Created 2041 | 12 405 . 408 7 . . 407 69 . 313 . 420 . Parts 96 | . 29 . 31 . . . 12 3 . 10 . 11 . Haulers Intercepted 5 | . 2 . 1 . . . 1 . . 1 . . . Recyclers Shooed 1 | . . . . . . . 1 . . . . . . Parts Field Recycled . | . . . . . . . . . . . . . . Retrieved Matter . | . . . . . . . . . . . . . . Parts Self-Destructed . | . . . . . . . . . . . . . . Prevented . | . . . . . . . . . . . . . . Kills | -11 -10 -10 -9 -9 -9 -8 -8 -7 -7 -7 -6 -6 -6 ------- Run | Yrd Mat Min Mat Min Exi Min Mat Fac Was Fac Fac Ext Cet Combat Hostiles Destroyed 29 | . 8 . 6 4 . . 4 1 . 2 . 4 . Melee 9 | . . . 3 . . . 1 1 . 1 . 3 . Guns 10 | . 7 . 3 . . . . . . . . . . AOE 8 | . . . . 4 . . 3 . . . . 1 . Classes Destroyed 14 | 1 5 . 4 1 . . 1 . . 2 . . . Worker 1 | . . . 1 . . . . . . . . . . Builder 1 | . . . . . . . . . . 1 . . . Tunneler 2 | 1 . . . . . . 1 . . . . . . Hauler 5 | . 2 . 1 . . . 1 . . 1 . . . Recycler 5 | . . . 1 . . . 1 . . 2 . 1 . Operator 3 | . 1 . . . . . 2 . . . . . . Watcher 5 | . 2 . 1 . . . 1 . . . . 1 . Swarmer 3 | . 3 . . . . . . . . . . . . Grunt 14 | . 5 . 2 . . . 3 . . . . 4 . Duelist 1 | . . . 1 . . . . . . . . . . Sentry 4 | . . . 3 . . . . 1 . . . . . Hunter 1 | . . . . . . . 1 . . . . . . Programmer 2 | . . . . . . . . . . 2 . . . Assembled 4 | . . . . 4 . . . . . . . . . Thug 1 | . . . . . . . . . . . . 1 . Best Kill Streak 3 | 1 3 . 3 3 . . 3 1 . 2 . 2 . Combat Bots Only 3 | . 3 . 2 3 . . 3 1 . 1 . 2 . Max Kills in Single Turn 2 | 1 1 . 2 1 . . 2 1 . 1 . 1 . Gunslinging 1 | . . . 1 . . . . . . . . . . Exploded 2 | . . . . 1 . . 2 . . . . 1 . Melee 1 | . . . 1 . . . 1 1 . 1 . 1 . Uniques/NPCs Destroyed . | . . . . . . . . . . . . . . Combat | -11 -10 -10 -9 -9 -9 -8 -8 -7 -7 -7 -6 -6 -6 -------- Run | Yrd Mat Min Mat Min Exi Min Mat Fac Was Fac Fac Ext Cet Hostile Shots Fired 395 | . 30 3 47 3 . . 37 54 4 18 . 97 102 Missed 126 | . 7 . 13 . . . 12 21 . 2 . 35 36 Damage Taken 6759 | . 258 26 422 105 . . 775 275 159 869 . 2233 1637 Core 1298 | . 54 . 20 22 . . 90 71 31 153 . 320 537 Absorbed by Shields . | . . . . . . . . . . . . . . Ignored by Resistances 61 | . . . . . . . . . . . . . 61 Regen/Repaired (Parts) 247 | . . . 50 . . . . . . 160 . 37 . Core Remaining (%) 82 | 100 . 78 . . . 89 83 . . 63 . . . Volleys Fired 128 | 4 39 . 26 6 . . 4 . . . . 46 3 Largest 3 | 2 2 . 2 1 . . 2 . . . . 2 3 Hottest 191 | 70 70 . 43 30 . . 83 . . . . 138 191 Shots Fired 206 | 8 78 . 52 6 . . 5 . . . . 48 9 Gun 178 | 8 78 . 52 . . . 2 . . . . 32 6 Cannon 18 | . . . . . . . 3 . . . . 12 3 Launcher 10 | . . . . 6 . . . . . . . 4 . Special . | . . . . . . . . . . . . . . Kinetic 149 | 4 50 . 52 . . . 2 . . . . 38 3 Thermal 44 | 4 28 . . . . . . . . . . 6 6 Explosive 10 | . . . . 6 . . . . . . . 4 . Electromagnetic 3 | . . . . . . . 3 . . . . . . Robot Hit Streak 17 | 1 10 . 12 2 . . 1 . . . . 15 17 Robot Miss Streak 7 | 3 5 . 7 2 . . 2 . . . . 4 2 Penetration Max 1 | . . . . . . . . . . . . 1 . Secondary Targets 2 | . 1 . 1 . . . . . . . . . . Max Gunslinging Chain 1 | . 1 . 1 . . . . . . . . . . Shots Hit Robots 172 | 2 48 . 42 3 . . 10 8 . 14 . 36 9 Core Hits 82 | 1 20 1 13 7 . . 10 2 . 2 . 20 6 Critical Kills . | . . . . . . . . . . . . . . Critical Parts Destroyed 16 | . . . . . . . 2 1 . 2 . 11 . Critical Strikes 21 | . 2 . . . . . 2 3 . 2 . 11 1 Burn 3 | . 2 . . . . . . . . . . . 1 Destroy 11 | . . . . . . . . . . . . 11 . Smash 6 | . . . . . . . 2 2 . 2 . . . Sever 1 | . . . . . . . . 1 . . . . . Melee Attacks 241 | . . . 20 . . . 50 16 . 85 20 45 5 Impact 90 | . . . . . . . 30 10 . 31 . 14 5 Slashing 151 | . . . 20 . . . 20 6 . 54 20 31 . Piercing . | . . . . . . . . . . . . . . Sneak Attacks 12 | . . . 1 . . . 7 . . 4 . . . Combat Hostiles . | . . . . . . . . . . . . . . Follow-up Attacks 9 | . . . . . . . 2 4 . . . 3 . Damage Inflicted 5642 | 46 622 7 783 245 . . 1309 269 . 907 . 1254 200 Guns 1474 | 46 622 . 437 . . . . . . . . 256 113 Cannons 213 | . . . . . . . 6 . . . . 120 87 Explosions 1341 | . . . . 245 . . 584 . . . . 512 . Melee 2606 | . . . 346 . . . 719 269 . 907 . 365 . Ramming 8 | . . 7 . . . . . . . . . 1 . Kinetic 1210 | 33 371 . 437 . . . . . . . . 282 87 Thermal 471 | 13 251 . . . . . . . . . . 94 113 Explosive 757 | . . . . 245 . . . . . . . 512 . Electromagnetic 590 | . . . . . . . 590 . . . . . . Impact 1188 | . . . . . . . 559 132 . 432 . 65 . Slashing 1418 | . . . 346 . . . 160 137 . 475 . 300 . Piercing . | . . . . . . . . . . . . . . Highest Corruption 34 | . . . . . . . 10 . 18 34 . 25 25 Average Corruption 18 | . . . . . . . 9 . 11 23 . 17 25 Corruption Purged . | . . . . . . . . . . . . . . Corruption Blocked . | . . . . . . . . . . . . . . Effects 145 | . . . . . . . 29 . 4 66 . 36 10 Message Errors 31 | . . . . . . . 7 . 1 14 . 6 3 Matter Fused 38 | . . . . . . . 8 . . 15 . 12 3 Heat Flow Errors 19 | . . . . . . . 3 . 1 9 . 5 1 Energy Discharges 15 | . . . . . . . 5 . . 5 . 5 . Parts Rejected 1 | . . . . . . . . . 1 . . . . Parts Fused 2 | . . . . . . . 1 . . 1 . . . Data Loss (minor) 18 | . . . . . . . 2 . . 14 . 2 . Data Loss (major) 8 | . . . . . . . 1 . . 6 . 1 . Alerts 5 | . . . . . . . 2 . . 2 . 1 . Misdirections 5 | . . . . . . . . . 1 . . 1 3 Weapon Failures 3 | . . . . . . . . . . . . 3 . Overload Shots . | . . . . . . . . . . . . . . Overflow Damage 802 | . . . 18 . . . 329 29 . 386 . 40 . Projectiles . | . . . . . . . . . . . . . . Explosions 64 | . . . . . . . 24 . . . . 40 . Melee 738 | . . . 18 . . . 305 29 . 386 . . . Knockbacks 3 | . . . . . . . 2 . . 1 . . . Impact 3 | . . . . . . . 2 . . 1 . . . Kinetic . | . . . . . . . . . . . . . . Secondary . | . . . . . . . . . . . . . . Self-Inflicted Damage 310 | . . . . 61 . . 160 . . . . 89 . Shots 7 | . . . . 2 . . 3 . . . . 2 . Rammed . | . . . . . . . . . . . . . . Targets Rammed 2 | . . 1 . . . . . . . . . 1 . Kicked 2 | . . 1 . . . . . . . . . 1 . Crushed . | . . . . . . . . . . . . . . Highest Temperature 333 | 18 156 . . . . . 218 . 192 265 . 213 333 Average Temperature 79 | 8 38 . . . . . 87 . 158 104 . 64 166 Received Heat Transfer 1200 | . 114 6 159 . . . 72 72 . . . 534 243 Effects 1 | . . . . . . . . . . . . . 1 Damage (minor) 1 | . . . . . . . . . . . . . 1 Siege Activations . | . . . . . . . . . . . . . . Robots Corrupted . | . . . . . . . . . . . . . . Combat Hostiles . | . . . . . . . . . . . . . . Parts Fried 13 | . . . . . . . 11 . . 2 . . . Impact Corruptions 23 | . . . . . . . 11 2 . 10 . . . Robots Melted 1 | . 1 . . . . . . . . . . . . Combat Hostiles 1 | . 1 . . . . . . . . . . . . Parts Melted 2 | . . . . . . . . . . . . 2 . Heat Transferred 1406 | 37 888 . . . . . . . . . . 185 296 Parts Sabotaged . | . . . . . . . . . . . . . . Parts Stolen . | . . . . . . . . . . . . . . Parts Stripped . | . . . . . . . . . . . . . . Power Chain Reactions . | . . . . . . . . . . . . . . Latent Energy Used 389 | . . . . . . . 389 . . . . . . LE Corruption 7 | . . . . . . . 7 . . . . . . Alert | -11 -10 -10 -9 -9 -9 -8 -8 -7 -7 -7 -6 -6 -6 ------- Run | Yrd Mat Min Mat Min Exi Min Mat Fac Was Fac Fac Ext Cet Peak Influence 185 | 5 138 . 136 87 . . 185 62 51 82 23 129 24 Initial 48 | . 3 . . 48 . . . 2 21 21 22 10 . Average 32 | 1 25 . 58 67 . . 54 31 30 33 6 46 2 Maximum Alert Level . | . . . . . . . . . . . . . . Low Security (%) 100 | 100 100 100 100 100 . 100 100 100 100 100 100 100 100 Level 1 . | . . . . . . . . . . . . . . Level 2 . | . . . . . . . . . . . . . . Level 3 . | . . . . . . . . . . . . . . Level 4 . | . . . . . . . . . . . . . . Level 5 . | . . . . . . . . . . . . . . High Security . | . . . . . . . . . . . . . . Max Security . | . . . . . . . . . . . . . . Squads Dispatched 14 | . 4 . 2 . . . 1 . . 3 2 1 1 Investigation 6 | . 3 . 1 . . . . . . . . 1 1 Extermination 3 | . . . . . . . . . . 2 1 . . Reinforcement 5 | . 1 . 1 . . . 1 . . 1 1 . . Assault . | . . . . . . . . . . . . . . Garrison . | . . . . . . . . . . . . . . Intercept . | . . . . . . . . . . . . . . Searches Triggered . | . . . . . . . . . . . . . . Construction Impeded . | . . . . . . . . . . . . . . Haulers Reinforced . | . . . . . . . . . . . . . . Active Scanning Responses . | . . . . . . . . . . . . . . Cargo Convoy Interrupts . | . . . . . . . . . . . . . . Stealth | -11 -10 -10 -9 -9 -9 -8 -8 -7 -7 -7 -6 -6 -6 --------- Run | Yrd Mat Min Mat Min Exi Min Mat Fac Was Fac Fac Ext Cet Distress Signals 5 | . 1 . 1 . . . 1 . . . . 1 1 Communications Jammed . | . . . . . . . . . . . . . . Distress Signals . | . . . . . . . . . . . . . . Times Spotted 96 | . 25 6 16 4 . . 9 2 6 2 . 19 7 Peak Tracking Total 8 | . 4 5 4 3 . . 3 2 6 2 1 8 6 Tactical Retreats 8 | . 1 1 . . . . 3 . . . . 3 . Traps | -11 -10 -10 -9 -9 -9 -8 -8 -7 -7 -7 -6 -6 -6 ------- Run | Yrd Mat Min Mat Min Exi Min Mat Fac Was Fac Fac Ext Cet Traps Triggered 5 | . . . . . . . . 1 . 2 . 2 . Indirectly . | . . . . . . . . . . . . . . Trap Hack Attempts . | . . . . . . . . . . . . . . Triggered . | . . . . . . . . . . . . . . Disarmed . | . . . . . . . . . . . . . . Reprogrammed . | . . . . . . . . . . . . . . Reused . | . . . . . . . . . . . . . . Traps Extracted . | . . . . . . . . . . . . . . Installed . | . . . . . . . . . . . . . . Triggered . | . . . . . . . . . . . . . . Machines | -11 -10 -10 -9 -9 -9 -8 -8 -7 -7 -7 -6 -6 -6 ---------- Run | Yrd Mat Min Mat Min Exi Min Mat Fac Was Fac Fac Ext Cet Machines Disabled 3 | . . . . . . . 1 . . . . 2 . Max in Single Turn 1 | . . . . . . . 1 . . . . 1 . Machines Repaired . | . . . . . . . . . . . . . . Machines Dismantled . | . . . . . . . . . . . . . . Machines Sabotaged . | . . . . . . . . . . . . . . Overloaded Fab Kills . | . . . . . . . . . . . . . . Hacking | -11 -10 -10 -9 -9 -9 -8 -8 -7 -7 -7 -6 -6 -6 --------- Run | Yrd Mat Min Mat Min Exi Min Mat Fac Was Fac Fac Ext Cet Machines Accessed 44 | . 8 1 6 1 . . . 1 . 10 7 9 1 Terminals 29 | . 6 1 3 . . . . . . 4 6 8 1 Fabricators . | . . . . . . . . . . . . . . Repair Stations 5 | . . . 1 . . . . . . 3 . 1 . Recycling Units 4 | . 2 . 1 . . . . . . 1 . . . Scanalyzers 3 | . . . 1 . . . . 1 . 1 . . . Garrison Access 2 | . . . . . . . . . . 1 1 . . Total Hacks 97 | . 21 1 10 1 . . . 1 . 26 18 16 3 Successful 42 | . 10 . 5 1 . . . 1 . 10 8 6 1 Failed 54 | . 11 1 5 . . . . . . 16 9 10 2 Catastrophic 16 | . 2 . 3 . . . . . . 4 3 2 2 Database Lockouts 1 | . . . . . . . . . . . 1 . . Manual 46 | . 16 . 6 . 1 . . . . 4 11 8 . Terminals 64 | . 19 1 5 . . . . . . 6 16 14 3 Fabricators . | . . . . . . . . . . . . . . Repair Stations 13 | . . . 2 . . . . . . 9 . 2 . Recycling Units 8 | . 2 . 1 . . . . . . 5 . . . Scanalyzers 6 | . . . 2 . . . . 1 . 3 . . . Garrison Access 5 | . . . . . . . . . . 3 2 . . Terminal Hacks 20 | . 5 . . 1 . . . . . 2 7 4 1 Record 6 | . . . . . . . . . . 1 4 1 . Part Schematic 1 | . . . . . . . . . . 1 . . . Open Door 5 | . . . . 1 . . . . . . 1 2 1 Alert Level 1 | . 1 . . . . . . . . . . . . Unreport Threat 3 | . 1 . . . . . . . . . 1 1 . Dispatch Records 1 | . 1 . . . . . . . . . . . . Recall Investigation 2 | . 2 . . . . . . . . . . . . Recall Extermination 1 | . . . . . . . . . . . 1 . . Fabricator Hacks . | . . . . . . . . . . . . . . Repair Station Hacks 10 | . . . 2 . . . . . . 6 . 2 . Scan Component 5 | . . . 1 . . . . . . 3 . 1 . Repair 5 | . . . 1 . . . . . . 3 . 1 . Recycling Unit Hacks 3 | . 1 . . . . . . . . 2 . . . Report Inventory 2 | . 1 . . . . . . . . 1 . . . Retrieve Components 1 | . . . . . . . . . . 1 . . . Scanalyzer 1 | . . . . . . . . 1 . . . . . Insert Component 1 | . . . . . . . . 1 . . . . . Garrison Access Hacks . | . . . . . . . . . . . . . . Unauthorized Hacks 8 | . 4 . 3 . . . . . . . 1 . . Terminals 6 | . 3 . 2 . . . . . . . 1 . . Assimilate 2 | . 2 . . . . . . . . . . . . Operators 4 | . 1 . 2 . . . . . . . 1 . . Fabricators . | . . . . . . . . . . . . . . Repair Stations . | . . . . . . . . . . . . . . Recycling Units 2 | . 1 . 1 . . . . . . . . . . Tunnel 2 | . 1 . 1 . . . . . . . . . . Scanalyzers . | . . . . . . . . . . . . . . Garrison Access . | . . . . . . . . . . . . . . Data Cores Recovered 2 | . . . . . . . . . . . . 2 . Used 1 | . . . . . . . . . . . . 1 . Hacking Detections 33 | . 5 1 4 . . . . 1 . 7 6 8 1 Full Trace Events 4 | . 2 . . . . . . . . . . 1 1 Feedback Events . | . . . . . . . . . . . . . . Feedback Blocked . | . . . . . . . . . . . . . . Robot Schematics Acquired . | . . . . . . . . . . . . . . Robots Built . | . . . . . . . . . . . . . . Authchips . | . . . . . . . . . . . . . . Time . | . . . . . . . . . . . . . . Total Robot Build Rating . | . . . . . . . . . . . . . . Part Schematics Acquired 1 | . . . . . . . . . . 1 . . . Parts Built . | . . . . . . . . . . . . . . Authchips . | . . . . . . . . . . . . . . Time . | . . . . . . . . . . . . . . Total Part Build Rating . | . . . . . . . . . . . . . . Parts Repaired 5 | . . . 1 . . . . . . 3 . 1 . Time 169 | . . . 32 . . . . . . 99 . 38 . Parts Recycled . | . . . . . . . . . . . . . . Recycled Matter . | . . . . . . . . . . . . . . Retrieved Matter . | . . . . . . . . . . . . . . Retrieved Components 3 | . . . . . . . . . . 3 . . . Parts Scanalyzed . | . . . . . . . . . . . . . . Part Schematics Acquired . | . . . . . . . . . . . . . . Parts Damaged . | . . . . . . . . . . . . . . Bothacking | -11 -10 -10 -9 -9 -9 -8 -8 -7 -7 -7 -6 -6 -6 ------------ Run | Yrd Mat Min Mat Min Exi Min Mat Fac Was Fac Fac Ext Cet Used RIF Installer . | . . . . . . . . . . . . . . Robots Hacked . | . . . . . . . . . . . . . . Non-combat . | . . . . . . . . . . . . . . Combat . | . . . . . . . . . . . . . . Robot Hacks Applied . | . . . . . . . . . . . . . . Relay Couplers Released . | . . . . . . . . . . . . . . Fabnet Peak Effective % . | . . . . . . . . . . . . . . Robots Rewired . | . . . . . . . . . . . . . . Allies Hacked 1 | . . . . . . . . . . . . 1 . Hacks Repelled . | . . . . . . . . . . . . . . Allies | -11 -10 -10 -9 -9 -9 -8 -8 -7 -7 -7 -6 -6 -6 -------- Run | Yrd Mat Min Mat Min Exi Min Mat Fac Was Fac Fac Ext Cet Total Allies 7 | . 1 . . . . . . . . . . 6 . Largest Group 2 | . 1 . . . . . . . . . . 2 . Highest-Rated Group 62 | . 10 . . . . . . . . . . 62 . Highest-Rated Ally 31 | . 10 . . . . . . . . . . 31 . Total Orders . | . . . . . . . . . . . . . . Ally Attacks 59 | . . . . . . . . . . . . 59 . Total Damage 1178 | . . . . . . . . . . . . 1178 . Kills 10 | . . . . . . . . . . . . 10 . Allies Corrupted . | . . . . . . . . . . . . . . Allies Melted . | . . . . . . . . . . . . . . Intel | -11 -10 -10 -9 -9 -9 -8 -8 -7 -7 -7 -6 -6 -6 ------- Run | Yrd Mat Min Mat Min Exi Min Mat Fac Was Fac Fac Ext Cet Robot Analysis Total . | . . . . . . . . . . . . . . Derelict Logs Recovered 1 | . . 1 . . . . . . . . . . . Drone Launches . | . . . . . . . . . . . . . . Drone Recoveries . | . . . . . . . . . . . . . . Exploration | -11 -10 -10 -9 -9 -9 -8 -8 -7 -7 -7 -6 -6 -6 ------------- Run | Yrd Mat Min Mat Min Exi Min Mat Fac Was Fac Fac Ext Cet Turns Passed 11409 | 88 2503 604 1069 391 415 833 1327 237 143 1559 854 1251 135 Spaces Moved 6231 | 44 1124 402 417 172 216 393 456 159 186 1529 465 575 93 Core 7 | 5 . . . . . . . . . 1 . . 1 Treads . | . . . . . . . . . . . . . . Legs 3852 | 39 1124 402 417 172 216 393 456 159 69 . . 370 35 Wheels 1125 | . . . . . . . . . . 398 465 205 57 Hover . | . . . . . . . . . . . . . . Flight 1247 | . . . . . . . . . 117 1130 . . . Fastest Speed 26 | 50 120 120 120 190 190 190 120 120 26 26 100 100 100 Average Speed 114 | 139 120 120 156 190 190 190 146 120 66 58 100 115 112 Slowest Speed 350 | 200 120 120 190 190 190 190 260 120 120 350 100 260 250 Overloaded Moves . | . . . . . . . . . . . . . . Propulsion Burnouts . | . . . . . . . . . . . . . . Robots Hopped . | . . . . . . . . . . . . . . Cave-ins Triggered 6 | . . . . . . . 1 . . 1 . 4 . Exploration Rate (%) 46 | 5 99 71 27 37 61 80 30 3 78 37 11 58 54 Regions Visited 13 Branch Regions 6 Pre-discovered Areas 3 | . 1 . 1 1 . . . . . . . . . Known Exits Taken 1 | . . . . . . . 1 . . . . . . Unknown Exits Taken 10 | 1 1 1 1 1 1 1 . . . 1 1 1 . Scrap Searched 1 | . . 1 . . . . . . . . . . . Spaces Dug 176 | . . . 5 . . . 32 5 . 57 15 57 5 Terrain Destroyed 290 | . . . 5 44 . . 63 5 . 57 15 96 5 Melee 144 | . . . 5 . . . 32 5 . 57 15 25 5 Projectile 10 | . . . . . . . . . . . . 10 . AOE 135 | . . . . 44 . . 31 . . . . 60 . Terrain Rammed . | . . . . . . . . . . . . . . Walls Destroyed . | . . . . . . . . . . . . . . Machines Disabled . | . . . . . . . . . . . . . . Actions | -11 -10 -10 -9 -9 -9 -8 -8 -7 -7 -7 -6 -6 -6 --------- Run | Yrd Mat Min Mat Min Exi Min Mat Fac Was Fac Fac Ext Cet Total 9897 | 60 2205 524 754 231 221 479 1030 185 202 2048 822 1031 105 Wait 3105 | . 1013 118 271 51 . 86 496 5 11 392 340 321 1 Move 6217 | 43 1123 401 416 171 215 392 455 159 185 1528 464 572 93 Hop . | . . . . . . . . . . . . . . Pick Up 58 | 7 8 2 6 1 . . 11 2 . 12 2 7 . Fast Attach 60 | 5 3 . 6 . 3 . 5 3 2 17 . 16 . Attach 24 | 1 . . 1 . . . 5 1 4 2 1 8 1 Detach 9 | . 1 . 1 . . . . 1 . 4 . 2 . Swap 20 | . 5 . 1 1 . 1 6 . . 1 . 3 2 Drop 57 | . 13 2 6 1 3 . 9 4 . 18 . 1 . Fire 128 | 4 39 . 26 6 . . 4 . . . . 46 3 Melee 199 | . . . 20 . . . 39 10 . 74 15 36 5 Ram . | . . . . . . . . . . . . . . Kick 2 | . . 1 . . . . . . . . . 1 . Crush . | . . . . . . . . . . . . . . Escape Stasis 18 | . . . . . . . . . . . . 18 . Rewire . | . . . . . . . . . . . . . . Trap . | . . . . . . . . . . . . . . Miscellaneous . | . . . . . . . . . . . . . . Route ------- -11/Scrapyard -10/Materials (discovered 4 exits: *Mat x3 / *Min) -10/Mines -9/Materials (discovered 2 exits: *Min / [*Sto]) -9/Mines -9/Exiles -8/Mines -8/Materials -7/Factory -7/Waste -7/Factory (discovered 2 exits: *Fac / *Low) -6/Factory (discovered 3 exits: [*Fac] / [*Low] / *Ext) -6/Extension (discovered 2 exits: [*Fac] / *Cet) -6/Cetus History --------- Turn | Location | Event 20 | -11/Scrapyard | Discovered new exit (range 16) 89 | -11/Scrapyard | Entered Materials 290 | -10/Materials | Discovered new exit (range 12) 308 | -10/Materials | Build established: Mutant 858 | -10/Materials | Discovered new exit (range 3) 1655 | -10/Materials | Discovered new exit (range 9) 2217 | -10/Materials | Discovered new exit (range 16) 2592 | -10/Materials | Entered Mines 2620 | -10/Mines | YI-UF0 nonchalantly dropped a Grenade Launcher on the ground 2807 | -10/Mines | Learned Materials security intel 2896 | -10/Mines | Found a hidden stash of uninstalled traps 2976 | -10/Mines | Discovered new exit (range 4) 3196 | -10/Mines | Entered Materials 3196 | -9/Materials | Evolved 2 slots: Utility x1, Weapon x1 3500 | -9/Materials | Repaired Imp. Aluminum Leg 3798 | -9/Materials | Build established: Scavenger-Mutant 3977 | -9/Materials | Discovered new exit (range 7) 4051 | -9/Materials | Discovered new exit (range 6) 4201 | -9/Materials | Build established: Mutant 4265 | -9/Materials | Entered Mines 4266 | -9/Mines | Learned location of Storage (-9) 4395 | -9/Mines | Assembled infested the area 4561 | -9/Mines | Found the Drone Emporium 4647 | -9/Mines | Deemed a non-threat by the Exiles lab entrance 4649 | -9/Mines | Discovered new exit (range 5) 4656 | -9/Mines | Entered Exiles 4700 | -9/Exiles | Met 8R-AWN 4732 | -9/Exiles | Met EX-HEX 4789 | -9/Exiles | Met EX-BIN 4812 | -9/Exiles | Aligned with FarCom system 4814 | -9/Exiles | Given EX-Vault access code 4858 | -9/Exiles | Opened EX-Vault 4870 | -9/Exiles | Found Prototype Energy Cannon 4870 | -9/Exiles | Identified Latent Energy Streamer 4876 | -9/Exiles | Found Prototype Device 4876 | -9/Exiles | Identified PSU Rigger 4921 | -9/Exiles | Warned to stay clear of 0b10 Research branches 4974 | -9/Exiles | Met EX-DEC 5050 | -9/Exiles | Discovered new exit (range 14) 5071 | -9/Exiles | Left Exiles lab with Latent Energy Streamer 5071 | -9/Exiles | Entered Mines 5879 | -8/Mines | Discovered new exit (range 5) 5904 | -8/Mines | Entered Materials 5904 | -8/Materials | Evolved 2 slots: Propulsion x1, Utility x1 6306 | -8/Materials | Discovered new exit (range 4) 6473 | -8/Materials | Lost 4 parts (2n2u) 6495 | -8/Materials | Crushed by falling debris 6495 | -8/Materials | System corruption reached 10% 6984 | -8/Materials | Build established: Scavenger-Mutant 7229 | -8/Materials | Identified exit to Factory 7231 | -8/Materials | Entered Factory 7231 | -7/Factory | Evolved 2 slots: Propulsion x1, Utility x1 7468 | -7/Factory | Sucked down chute 7468 | -7/Factory | Entered Waste 7483 | -7/Waste | EMP discharged 7483 | -7/Waste | System corruption reached 10% 7507 | -7/Waste | Spotted C-40 Crusher 7512 | -7/Waste | Spotted C-40 Crusher 7520 | -7/Waste | Spotted C-40 Crusher 7526 | -7/Waste | Spotted C-40 Crusher 7531 | -7/Waste | Spotted C-40 Crusher 7538 | -7/Waste | Spotted C-40 Crusher 7539 | -7/Waste | Crushed by Compactor (1 part destroyed, 1 dropped) 7551 | -7/Waste | Crushed by Compactor (1 part destroyed, 1 dropped) 7583 | -7/Waste | EMP discharged 7594 | -7/Waste | Crushed by Compactor (0 parts destroyed, 1 dropped) 7608 | -7/Waste | Discovered new exit (range 12) 7610 | -7/Waste | Identified exit to Factory 7611 | -7/Waste | Entered Factory 7667 | -7/Factory | Repaired Imp. VTOL Module 8090 | -7/Factory | Repaired Greatsword 8227 | -7/Factory | Discovered new exit (range 11) 8330 | -7/Factory | Repaired Hvy. Deuterium Engine 8460 | -7/Factory | Build established: Hacker-Sprinter 8540 | -7/Factory | Identified exit to Lower Caves 8614 | -7/Factory | Crushed by falling debris 8614 | -7/Factory | System corruption reached 30% 8645 | -7/Factory | Lost 4 parts (2n2u) 8904 | -7/Factory | Build established: Hacker-Mutant 9117 | -7/Factory | Discovered new exit (range 12) 9170 | -7/Factory | Entered another Factory area 9170 | -6/Factory | Evolved 2 slots: Propulsion x1, Utility x1 9225 | -6/Factory | Discovered new exit (range 5) 9362 | -6/Factory | Build established: Hacker-Assassin 9364 | -6/Factory | Central database locked down 9867 | -6/Factory | Discovered new exit (range 14) 10001 | -6/Factory | Discovered new exit (range 7) 10024 | -6/Factory | Entered Extension 10296 | -6/Extension | Crushed by falling debris 10332 | -6/Extension | Rescued a captive Derelict 10333 | -6/Extension | Rescued a captive Derelict 10345 | -6/Extension | Lost 3 parts (3u) 10630 | -6/Extension | Rescued a captive Derelict 10699 | -6/Extension | Crushed by falling debris 10699 | -6/Extension | System corruption reached 10% 10710 | -6/Extension | Crushed by falling debris 10725 | -6/Extension | Crushed by falling debris 10735 | -6/Extension | Door terminal overloaded 10736 | -6/Extension | Rescued a captive Derelict 10771 | -6/Extension | Lost 10 parts (1p2n3u4w) 10867 | -6/Extension | Repaired Carbon-fiber Leg 11002 | -6/Extension | Build established: Scavenger-Mutant 11004 | -6/Extension | Rescued a captive Derelict 11004 | -6/Extension | Rescued a captive Derelict 11213 | -6/Extension | Discovered new exit (range 12) 11218 | -6/Extension | Discovered new exit (range 6) 11275 | -6/Extension | Entered Cetus 11291 | -6/Cetus | Spotted Cetus Guard 11291 | -6/Cetus | Spotted Cetus Guard 11293 | -6/Cetus | Spotted Cetus Guard 11309 | -6/Cetus | Spotted Cetus Guard 11317 | -6/Cetus | Core integrity fell below 50% 11340 | -6/Cetus | Build established: Scavenger-Assassin 11366 | -6/Cetus | Core integrity fell below 20% 11404 | -6/Cetus | Lost 11 parts (1p5n3u2w) 11410 | -6/Cetus | Destroyed by Cetus Guard with Advanced KE Penetrator Last Messages --------------- 11374_ CDV%ZT VT VKEODO>UQ8CV%|ARZPD%IDI4UGZ 11374_ Slug penetrates Cetus Manufacturing Module. 11375_ Slug penetrates Machine. 11375_ Machine disabled. 11376_ Connecting with Cetus Terminal... 11376_ Current location identified: Cetus >>Open(Door) Sealed Heavy Doors opened. 11376_ ALERT: Suspicious activity at Terminal C004. Dispatching Investigation squad. 11400_ System corrupted: Matter fused (-7). 11405_ Cetus Mainframe disabled. 11405_ Slug penetrates Cetus Mainframe. 11407_ Penetrated by Slug. 11407_ Com. Wheel destroyed. 11408_ Penetrated by Slug. 11408_ Hvy. Laser destroyed. 11408_ Penetrated by Slug. 11409_ Slug penetrates Reinforced Barrier. 11410_ Penetrated by Slug. Map ----- +----------------------------------------------------+ | ?????????????????????????????????????????????????? | | ?????????????????????????????????????????????????? | | ##???????????????????????????????????????????????? | | ?????????????????????????????????????????????????? | | ?#?##????????????????????????????????????????????? | | ??#####??????????????????????????????????????????? | | #####?#??????????????????????????????????????????? | | ###??#??#????????????????????????????????????????? | | ######???????????????????????????????????????????? | | ######???????????????????????????????????????????? | | ######?#?#???????????????????????????????????????? | | ##?################??????????????????????????????? | | ####""""" """ """""?#????????????????????????????? | | ##?# " """"""" " #"????????????????????????????? | | ##?#"""""""""""""""#"######??????????????????????? | | ####""""" """ """""#""""""#??????????????????????? | | ####""""""" """""""#" ""#??????????????????????? | | ####""" " " """#T ""#??????????????????????? | | ####" """ """ "#" ""#??????????????????????? | | ### #####??????????????????? | | / / ???????????????????? | | ! / / ????????????????????? | | / h ?????????????????????? | | "##" Yh#??????????????????????? | | ####" "" """"" "#TYY #??????????????????????? | | #########++############ Y@#######????????????????? | | ####"???? ?????# #????????????????? | | ####??? ? ?????# " #????????????????? | | ###?" ?????????# """""" " #????????????????? | | ##?#???????????# " " " " #????????????????? | | ????"??????????# "" """ " #????????????????? | | ?#?????????????#" "" """ "" #????????????????? | | ???????????????#""""""""""" "#????????????????? | | ???????????????#" """"""""""""#????????????????? | | ???????????????# """"""" "#????????????????? | | ???????????????#" """"??? ?????????????????? | | ???????????????#"""""""???? ??????????????????? | | ???????????????#" " ????? ? ???????????????????? | | ???????????????# " ???????????????????????????? | | ???????????????# ""????????????????????????????? | | ???????????????? "????????????????????????????? | | ????????????????###??????????????????????????????? | | ?????????????????????????????????????????????????? | | ?????????????????????????????????????????????????? | | ?????????????????????????????????????????????????? | | ?????????????????????????????????????????????????? | | ?????????????????????????????????????????????????? | | ?????????????????????????????????????????????????? | | ?????????????????????????????????????????????????? | | ?????????????????????????????????????????????????? | +----------------------------------------------------+ Best States ------------- Heat Dissipation 75 Coolant Potential 65 Energy Generation 18 Energy Capacity 310 Matter Stores 300 Matter Capacity 300 Sight Range 16 Terrain Scan Range 16 Terrain Scan Density 410 ECM Strength 1 Jamming Range 12 Resistance: KI 20 Evasion (%) 64 Offensive Hacking 20 Defensive Hacking 10 Item Schematics ----------------- Xenon Bombardment Thruster | -7/Factory | Hacked Robot Schematics ------------------ None Fabricated ------------ Nothing Alien Tech Used ----------------- None Achievements -------------- None Challenges ------------ None Game ------ Seed HybridNovaComputer Manual? 0 Play Time 01:52:48 Cumulative 46.1 hours Start 2024.05.03 @ 13:06:13 End 2024.05.03 @ 16:07:29 Sessions 1 Manual Loads 0 Difficulty Rogue Special Mode None Game No. 30 Rogue 30 Adventurer 0 Explorer 0 Win Type - Total 0 Types 0/0/0/0/0/0/0/0/0 Lore% 28 Gallery% 38 Achievement% 28 Wizard Run 0 Options --------- Layout 0 ASCII 0 Keyboard 1 Movement Numpad Keybinds 0 Fullscreen 1 Font 24/Proggy Map View 76x56 Zoom Use 0% Tactical HUD 1 Map Filters NONE Filters NONE Steam 1 RUN: 82c1526c-a54d-492d-933f-93c30bc8aa16